 Dungeon Crawl Stone Soup version 0.26-a0-969-g2c58977ddd (webtiles) character file.

Game seed: 7661063960485868986

107 Morbidden the Sneak (level 4, 0/23 HPs)
             Began as a Vine Stalker Brigand on Dec 4, 2020.
             Hit by a boomerang thrown by an orc (2 damage)
             ... on level 3 of the Dungeon.
             The game lasted 00:02:35 (2222 turns).

Morbidden the Sneak (Vine Stalker Brigand)          Turns: 2222, Time: 00:02:36

Health: 0/23       AC:  3    Str: 14    XL:     4   Next: 86%
Magic:  0/7        EV: 12    Int: 12    God:
Gold:   129        SH:  0    Dex: 15    Spells: 6/6 levels left

rFire    . . .     SeeInvis .   a - +2 dagger
rCold    . . .     Faith    .   (no shield)
rNeg     . . .     Spirit   +   b - +0 robe
rPois    .         Reflect  .   (no helmet)
rElec    .         Harm     .   c - +0 cloak
rCorr    .         Rampage  .   (no gloves)
MR       .....                  (no boots)
Stlth    +++.......             (no amulet)
HPRegen  0.47/turn              (no ring)
MPRegen  0.10/turn              (no ring)

@: no status effects
A: fangs 2, regeneration 1, magic shield, antimagic bite, no potion heal 3, rot
immunity
a: no special abilities


You were on level 3 of the Dungeon.
You visited 1 branch of the dungeon, and saw 3 of its levels.

You collected 129 gold pieces.

Inventory:

Hand Weapons
 a - a +2 dagger (weapon)
Missiles
 d - 13 poisoned darts (quivered)
 e - 2 curare-tipped darts
Armour
 b - a +0 robe (worn)
 c - a +0 cloak (worn)
Scrolls
 g - 3 scrolls of identify {unknown}
 h - a scroll of amnesia {unknown}
 i - 3 scrolls of remove curse {unknown}
 k - a scroll of enchant armour {unknown}
 m - a scroll of blinking {unknown}
 n - a scroll of teleportation {unknown}
 p - a scroll of fear {unknown}
Potions
 f - a potion of degeneration {unknown}
 j - a potion of lignification {unknown}
 l - a potion of invisibility {unknown}
 o - a potion of brilliance {unknown}


   Skills:
 * Level 2.2 Fighting
 + Level 2.4 Short Blades
 + Level 2.4 Throwing
 * Level 1.3 Dodging
 + Level 5.5 Stealth
 * Level 1.5 Spellcasting


You had 6 spell levels left.
You didn't know any spells.
Your spell library was empty.

Dungeon Overview and Level Annotations

Branches:
Dungeon (3/15)

Altars:


Innate Abilities, Weirdness & Mutations

You have extremely sharp teeth.
Your natural rate of healing is unusually fast.
When hurt, damage is shared between your health and your magic reserves.
Your bite disrupts and absorbs the magic of your enemies.
Potions cannot restore your health.
You are immune to rotting.


Message History

The orc is moderately wounded.
The orc hits you.
* * * LOW HITPOINT WARNING * * *
Unknown command.
The orc throws a boomerang.
The boomerang closely misses you.
The weapon returns to the orc!
The orc throws a boomerang.
The boomerang hits you.
* * * LOW HITPOINT WARNING * * *
The weapon returns to the orc!
The orc throws a boomerang.
The boomerang hits you.
* * * LOW HITPOINT WARNING * * *
The weapon returns to the orc!
The orc throws a boomerang.
The boomerang barely misses you.
The weapon returns to the orc!
Unknown command.
The orc throws a boomerang.
The boomerang hits you.
* * * LOW HITPOINT WARNING * * *
The weapon returns to the orc!
The orc throws a boomerang.
The boomerang hits you.
You die...

#......o[.........#>....
##.[(..#..o..........<..
?.....#####..........$..
.#..#...................
.....######......†......
##.#. #............. #
## #.............
##............
#@.....#.....
##†######.####
..#..######.####
#...#..........##.
#.................
#..###..........# #..#
#.....†....# ...#
#.[...)....### ....
#............>


You could see an orc.

Vanquished Creatures
  A worker ant (D:2)
  3 adders
  2 worms (D:2)
  2 leopard geckos
  3 orcs (D:3)
  5 bats
  2 giant cockroaches
  5 goblins
  4 hobgoblins
  4 jackals (D:3)
  6 kobolds
  3 frilled lizards
  5 rats
45 creatures vanquished.

Notes
Turn   | Place    | Note
-------+----------+-------------------------------------------
     0 | D:1      | Morbidden the Vine Stalker Brigand began the quest for the
                  | Orb.
     0 | D:1      | Reached XP level 1. HP: 11/11 MP: 2/2
    30 | D:1      | Reached skill level 5 in Stealth
   199 | D:1      | Reached XP level 2. HP: 15/15 MP: 3/3
   316 | D:1      | Reached skill level 1 in Dodging
  1103 | D:2      | Reached XP level 3. HP: 18/18 MP: 5/5
  1212 | D:2      | Reached skill level 1 in Spellcasting
  1915 | D:2      | Gained mutation: Your natural rate of healing is unusually
                  | fast. [Vine Stalker growth]
  1915 | D:2      | Reached XP level 4. HP: 23/23 MP: 5/7
  2222 | D:3      | Hit by a boomerang thrown by an orc

Illustrated notes

Levels and vault maps discovered:
D:1:      dpeg_arrival_rooms_a, layout_basic
D:2:      layout_loops_ring
D:3:      layout_rooms, lemuel_round_altar, serial_park_tiny_2

Skill      XL: |  1  2  3 |
---------------+----------+-----
Stealth        | 5 |  5.5
Fighting       | 2 |  2.2
Dodging        | 1 |  1.3
Short Blades   | 2 |  2.4
Throwing       | 2 |  2.4
Spellcasting   | 1 |  1.5

Action                   |  1- 3 |  4- 6 || total
-------------------------+-------+-------++-------
Melee: Dagger            |    69 |    69 ||   138
       Bite              |    14 |    14 ||    28
Throw: Dart              |    37 |     1 ||    38
 Stab: Sleeping          |     5 |     2 ||     7
Armor: Robe              |    12 |    19 ||    31
Dodge: Dodged            |    36 |    40 ||    76

Table legend: (Time is in decaauts)
 A = Elapsed time spent in this place.
 B = Non-inter-level travel time spent in this place.
 C = Inter-level travel time spent in this place.
 D = Time resting spent in this place.
 E = Time spent auto-exploring this place.
 F = Levels seen in this place.
 G = Mean time per level.
                   A        B        C        D        E       F      G
               +--------+--------+--------+--------+--------+-----+--------+
         Total |   2202 |   2134 |     68 |     19 |   1766 |   3 |  734.0 |
       Dungeon |   2202 |   2134 |     68 |     19 |   1766 |   3 |  734.0 |
               +--------+--------+--------+--------+--------+-----+--------+

Top non-repeatable levels by time:
     D:2: 1302 daAuts
     D:1: 696 daAuts
     D:3: 203 daAuts
